 Dungeon Crawl Stone Soup version 0.31-a0-1-g4198be8af4 (webtiles) character file.

Game seed: 14256962192970322423

93221 Morbidden the Cleaver (level 15, -14/126 HPs)
             Began as a Minotaur Conjurer on May 1, 2023.
             Was the Champion of Cheibriados.
             Killed from afar by an ogre mage (25 damage)
             ... with a bolt of magma
             ... while paralysed by an ogre mage
             ... on level 2 of the Orcish Mines on May 2, 2023.
             The game lasted 00:43:40 (25521 turns).

Morbidden the Cleaver (Minotaur Conjurer)          Turns: 25521, Time: 00:43:40

Health: -14/126    AC: 28    Str: 28    XL:     15   Next: 60%
Magic:  25/25      EV:  2    Int: 36    God:    Cheibriados [******]
Gold:   2386       SH:  0    Dex: 27    Spells: 21/28 levels left

rFire   . . .        a - +8 war axe of Golden Watchfulness {heavy, rN+}
rCold   + . .        W - +3 tower shield {rC+}
rNeg    + . .        R - +7 chain mail {ponderous}
rPois   +            (helmet restricted)
rElec   .            e - +2 cloak
rCorr   +            n - +0 pair of gloves
SInv    .            U - +0 pair of boots
Will    +....        x - amulet of reflection Stlth
                     j - +5 ring of evasion
HPRegen 0.41/turn    Y - ring "Soishruog" {rPois rCorr AC+4 Dex+3}
MPRegen 0.19/turn

%: reflection
@: paralysed, very slow
A: horns 2, retaliatory headbutt
a: Renounce Religion, Bend Time, Temporal Distortion, Slouch, Step From Time


You were on level 2 of the Orcish Mines.
You worshipped Cheibriados.
Cheibriados was exalted by your worship.
You visited 4 branches of the dungeon, and saw 23 of its levels.
You visited the Abyss 1 time.
You also visited: Ossuary and Ice Cave.

You collected 2482 gold pieces.
You spent 96 gold pieces at shops.

Inventory:

Hand Weapons
 a - the +8 war axe of Golden Watchfulness (weapon) {heavy, rN+}
   (You found it on level 6 of the Dungeon)

   rN:        It protects you from negative energy.
 b - a +3 war axe of flaming
 N - a +0 broad axe
 X - a +2 morningstar of freezing
Missiles
 q - 110 poisoned darts (quivered)
 y - 12 boomerangs
 z - 4 curare-tipped darts
Armour
 e - a +2 cloak (worn)
 n - a +0 pair of gloves (worn)
 R - a +7 chain mail of ponderousness (worn)
 U - a +0 pair of boots (worn)
 W - a +3 tower shield of cold resistance (worn)
 Z - a +2 plate armour of cold resistance
Jewellery
 c - an amulet of magic regeneration
 j - a +5 ring of evasion (left hand)
 m - the ring "Zikes" {rF+ rN++ Will-}
   (You found it on level 5 of the Lair of Beasts)

   [ring of protection from fire]

   rF:        It protects you from fire.
   rN:        It greatly protects you from negative energy.
   Will:      It decreases your willpower.
 o - a ring of protection from cold
 x - an amulet of reflection (around neck)
 O - a ring of see invisible
 V - a ring of protection from fire
 Y - the ring "Soishruog" (right hand) {rPois rCorr AC+4 Dex+3}
   (You found it in an ice cave)

   [ring of protection]

   AC:        It affects your AC (+4).
   Dex:       It affects your dexterity (+3).
   rPois:     It protects you from poison.
   rCorr:     It protects you from acid and corrosion.
Wands
 f - a wand of charming (9)
 F - a wand of digging (11)
 I - a wand of roots (7)
 Q - a wand of polymorph (7)
 T - a wand of mindburst (19)
Scrolls
 h - 5 scrolls of blinking
 i - 10 scrolls of identify
 k - 2 scrolls of magic mapping
 p - 4 scrolls of immolation
 t - 10 scrolls of teleportation
 v - 4 scrolls of fear
 w - 2 scrolls of enchant armour
 B - 3 scrolls of silence
 G - 2 scrolls of poison
 H - a scroll of amnesia
 K - a scroll of enchant weapon
 M - 3 scrolls of fog
Potions
 d - 8 potions of curing
 g - 4 potions of heal wounds
 l - 6 potions of attraction
 r - 6 potions of flight
 s - 6 potions of might
 u - 3 potions of mutation
 A - 2 potions of magic
 D - 5 potions of lignification {unknown}
 E - 2 potions of berserk rage {unknown}
 L - 5 potions of cancellation {unknown}
 S - 3 potions of resistance
Miscellaneous
 C - a box of beasts
 J - a condenser vane
 P - a phantom mirror


   Skills:
 * Level 10.2 Fighting
 * Level 13.7(13.8) Axes
 + Level 2.9(9.4) Maces & Flails
 + Level 1.0 Throwing
 * Level 10.0 Armour
 * Level 9.2 Dodging
 + Level 3.3 Stealth
 * Level 11.3 Shields
 + Level 2.7 Unarmed Combat
 * Level 7.4 Spellcasting
 * Level 7.9 Conjurations
 * Level 6.1 Translocations
 + Level 2.1 Poison Magic
 * Level 7.4 Invocations
 * Level 6.6 Evocations


You had 21 spell levels left.
You knew the following spells:

 Your Spells              Type           Power      Damage    Failure   Level
a - Magic Dart            Conj           100%       1d8       1%          1
b - Searing Ray           Conj           100%       2d8       1%          2
z - Iskenderun's Mystic   Conj/Tloc      59%        2d12      17%         4

Your spell library contained the following spells:

 Spells                   Type           Power      Damage    Failure   Level
 Apportation              Tloc           100%       N/A       2%          1
 Dazzling Flash           Conj/Hex       82%        N/A       19%         3
 Hailstorm                Conj/Ice       41%        3d10      19%         3
 Sting                    Tmut/Pois      80%        1d7       21%         1
 Freeze                   Ice            52%        1d6       30%         1
 Necrotise                Necr           52%        1d6       30%         1
 Summon Small Mammal      Summ           52%        N/A       30%         1
 Poisonous Vapours        Pois/Air       40%        N/A       30%         2
 Sublimation of Blood     Necr           13%        N/A       41%         2
 Wereblood                Tmut           13%        N/A       41%         2
 Fulminant Prism          Conj/Hex       20%        3d12      52%         4
 Call Canine Familiar     Summ           13%        N/A       65%         3
 Frozen Ramparts          Ice            26%        1d4       65%         3
 Summon Guardian Golem    Hex/Summ       13%        N/A       65%         3
 Olgreb's Toxic Radiance  Pois           28%        N/A       77%         4
 Summon Forest            Summ/Tloc      17%        N/A       94%         5
 Ice Form                 Ice/Tmut       13%        N/A       96%         4
 Summon Ice Beast         Ice/Summ       13%        N/A       96%         4
 Summon Mana Viper        Hex/Summ       13%        N/A       100%        5
 Simulacrum               Ice/Necr       6%         N/A       100%        6
 Summon Cactus Giant      Summ           6%         N/A       100%        6
 Monstrous Menagerie      Summ           6%         N/A       100%        7
 Ozocubu's Refrigeration  Ice            6%         4d8       100%        7
 Summon Hydra             Summ           6%         N/A       100%        7
 Polar Vortex             Ice            6%         N/A       100%        9


Dungeon Overview and Level Annotations

Branches:
Dungeon (15/15)            Temple (1/1) D:4            Lair (5/5) D:10
  Swamp (0/4) Lair:3        Snake (0/4) Lair:3        Slime (0/5) Lair:4
    Orc (2/2) D:11         Vaults (0/5) D:13         Depths (0/4) D:15
Ossuary (visited)           IceCv (visited)
    Elf: Orc:2

Altars:
Ashenzari
Cheibriados
Dithmenos
Elyvilon
Fedhas
Gozag
Hepliaklqana
Kikubaaqudgha
Makhleb
Nemelex Xobeh
Okawaru
Qazlal
Ru
Sif Muna
Trog
Uskayaw
Vehumet
Wu Jian
Xom
Yredelemnul
Zin
The Shining One

Shops:
D:8 ?   D:14 [(=?   Orc:2 *

Portals:
Trove: D:14 (give +3 storm dragon scales)

Annotations:
D:2 Sigmund
Lair:5 3 runed translucent doors, Rrauwl's ghost, journeyman TeMo


Innate Abilities, Weirdness & Mutations

You have a pair of horns on your head.
You reflexively headbutt those who attack you in melee.


Message History

A bolt of magma appears from out of thin air!
The bolt of magma hits you!
You slice the two-headed ogre!! You headbutt the two-headed ogre.
You kill the two-headed ogre!
Cheibriados thoroughly appreciates the change of pace.
Something hits you but does no damage. x2
An ogre comes into view. It is wielding a +0 giant spiked club.
Your Armour skill increases to level 10!
Unknown command.
Found Juropsash's General Store.
The ogre shouts!
You hear a shout!
Something hits you.
You hear some strange, mumbled words.
Something tries to affect you, but you resist.
You hear some strange, mumbled words.
A bolt of magma appears from out of thin air!
The bolt of magma hits you!! Something hits you but does no damage.
A cyclops comes into view.
Something hits you but does no damage.
You hear some strange, mumbled words.
A bolt of magma appears from out of thin air!
The bolt of magma hits you.
* * * LOW HITPOINT WARNING * * *
You hear a shout!
Items here: ))))) [[ ††.
You are too injured to fight recklessly!
Unknown command.
You are too injured to fight recklessly!
Unknown command.
You slash something! Something closely misses you.
You hear some strange, mumbled words.
You suddenly lose the ability to move!
The cyclops throws a large rock.
The large rock hits you!
* * * LOW HITPOINT WARNING * * *
Something hits you!
* * * LOW HITPOINT WARNING * * *
You hear some strange, mumbled words.
A bolt of magma appears from out of thin air!
The bolt of magma hits you!!
You die...

#... ...... ##
..^... #.. ## .
......#... #.#..
.......#. ....C.
.......##.O..#.
#............ ..
#...)@..)...∩
.....
#..))){.)....
.....
###...).{##....
.....###...))#..#
...
.......#.))..#.##
# ......#..)..###
#.........#
###...$...##
##........##


You could see a cyclops and an ogre.

Vanquished Creatures
  Frances (D:14)
  Louise (D:14)
  Azrael (D:14)
  Snorg (Orc:1)
  5 catoblepae
  4 hydras
  Fannar (Lair:1)
  9 death yaks
  3 boulder beetles
  5 centaur warriors
  An ogre mage (Orc:1)
  13 two-headed ogres
  A tengu warrior (D:15)
  3 skysharks
  A deep troll (Orc:2)
  3 wizards
  An orange crystal statue (D:13)
  4 deep elf pyromancers
  A necromancer (D:15)
  2 orc sorcerers
  8 ugly things
  4 cyclopes
  An orc knight (D:13)
  3 manticores
  7 elephants
  2 ice statues (IceCv)
  4 black mambas
  A torpor snail (Lair:3)
  4 rime drakes
  2 kobold demonologists
  17 cane toads
  Psyche (D:8)
  2 centaur skeletons (D:15)
  5 komodo dragons
  A tengu conjurer (D:15)
  12 trolls
  3 meliai (D:15)
  2 polar bears
  A hornet (D:9)
  A blink frog (shapeshifter) (D:14)
  13 blink frogs
  9 dream sheep (Lair:4)
  8 slime creatures
  A spriggan (D:14)
  2 vampires
  A water elemental (D:13)
  5 wyverns
  A ynoxinul (Abyss:2)
  2 fire elementals (D:14)
  17 humans
  73 yaks
  5 basilisks
  2 steam dragons
  2 vampire mosquitoes (D:15)
  2 acid dragons
  4 nagas (Lair:3)
  2 wargs
  7 water moccasins
  4 hell hounds
  A hornet zombie (D:15)
  2 ice beasts
  12 orc warriors
  14 ogres
  17 wolves
  3 black bears
  12 centaurs
  3 phantoms
  7 bullfrogs
  Blork the orc (D:4)
  18 kobold brigands (Orc:1)
  2 gnoll sergeants
  11 scorpions
  8 wights (D:8)
  An elephant simulacrum (IceCv)
  4 killer bees (D:8)
  2 howler monkeys (D:5)
  8 electric eels
  4 centaur zombies
  6 hounds
  2 human zombies (Ossuary)
  10 jellies
  A gnoll bouda (D:8)
  13 orc priests
  A sleepcap (D:5)
  3 iguanas
  9 orc wizards
  3 scorpion zombies (Ossuary)
  2 polar bear simulacra (IceCv)
  3 mummies (Ossuary)
  15 gnolls
  7 adders
  2 shadow imps
  3 white imps
  2 ufetubi
  A worm zombie (D:4)
  A worm (D:3)
  5 dart slugs
  53 orcs
  6 ball pythons
  5 bats
  11 endoplasms
  4 giant cockroaches (D:1)
  A gnoll zombie (Ossuary)
  14 goblins
  5 hobgoblins
  10 jackals
  20 kobolds
  2 quokkas
  9 frilled lizards
  4 goblin zombies
  2 hobgoblin zombies (Ossuary)
  4 orc zombies (Ossuary)
  9 rats
680 creatures vanquished.

Vanquished Creatures (collateral kills)
  An ugly thing (IceCv)
  A wyvern (Lair:3)
  A death yak simulacrum (IceCv)
3 creatures vanquished.

Vanquished Creatures (others)
  A kobold (Orc:1)
  51 fungi
  89 plants
141 creatures vanquished.

Grand Total: 824 creatures vanquished

Notes
Turn   | Place    | Note
-------+----------+-------------------------------------------
     0 | D:1      | Morbidden the Minotaur Conjurer began the quest for the
                  | Orb.
     0 | D:1      | Reached XP level 1. HP: 14/14 MP: 1/1
   234 | D:1      | Reached XP level 2. HP: 22/22 MP: 3/3
   529 | D:1      | Reached XP level 3. HP: 26/27 MP: 1/4
  1021 | D:2      | Found a radiant altar of Vehumet.
  1277 | D:2      | Learned a level 2 spell: Searing Ray
  1324 | D:2      | Found a faded altar of an unknown god.
  1370 | D:2      | Noticed Sigmund
  1739 | D:3      | Reached XP level 4. HP: 34/34 MP: 2/5
  1751 | D:3      | Reached skill level 1 in Fighting
  1761 | D:3      | Reached skill level 1 in Armour
  2373 | D:3      | Reached skill level 1 in Unarmed Combat
  2631 | D:3      | Found an opulent altar of Gozag.
  2838 | D:4      | Found a sand-covered staircase.
  2848 | Ossuary  | Entered an ossuary
  2855 | Ossuary  | Noticed a scorpion
  2862 | Ossuary  | Killed a scorpion
  2863 | Ossuary  | Reached XP level 5. HP: 40/40 MP: 0/7
  2934 | Ossuary  | Reached XP level 6. HP: 17/47 MP: 3/8
  3089 | Ossuary  | Reached skill level 1 in Maces & Flails
  3316 | Ossuary  | Reached XP level 7. HP: 52/55 MP: 4/9
  3864 | D:4      | Noticed Blork the orc
  3875 | D:4      | Killed Blork the orc
  4200 | D:4      | Reached XP level 8. HP: 63/63 MP: 12/12
  5063 | D:4      | Found a radiant altar of Vehumet.
  5218 | D:4      | Found a staircase to the Ecumenical Temple.
  5220 | D:4      | Identified the +3 short sword of Goiff {flame, *Rage rCorr
                  | MP+9 Int+3}
  5477 | Temple   | Entered the Ecumenical Temple
  5492 | Temple   | Became a worshipper of Cheibriados the Contemplative
  5540 | D:5      | Entered Level 5 of the Dungeon
  5554 | D:4      | Reached skill level 1 in Axes
  5750 | D:5      | Reached skill level 5 in Conjurations
  5997 | D:5      | Learned a level 4 spell: Iskenderun's Mystic Blast
  6293 | D:6      | Reached skill level 1 in Shields
  6388 | D:6      | Reached skill level 2 in Axes
  6673 | D:6      | Found an iron altar of Okawaru.
  6700 | D:6      | Reached skill level 1 in Invocations
  6731 | D:6      | Reached XP level 9. HP: 63/71 MP: 7/14
  6764 | D:6      | Reached skill level 1 in Evocations
  6974 | D:6      | Identified the +8 war axe of Golden Watchfulness {heavy,
                  | rN+}
  7104 | D:6      | Reached * piety under Cheibriados
  7118 | D:6      | Reached skill level 1 in Translocations
  7288 | D:6      | Found a white marble altar of Elyvilon.
  7307 | D:6      | Found a shimmering blue altar of Sif Muna.
  7310 | D:6      | Found a sparkling altar of Nemelex Xobeh.
  7310 | D:6      | Found a shimmering altar of Xom.
  7340 | D:6      | Reached skill level 3 in Axes
  7718 | D:7      | Reached skill level 5 in Spellcasting
  8258 | D:7      | Reached skill level 5 in Dodging
  8796 | D:8      | Reached ** piety under Cheibriados
  8916 | D:8      | Reached skill level 4 in Axes
  8935 | D:8      | Found Tufoec's Magic Scroll Emporium.
  8936 | D:8      | Identified the +0 robe of the Depths {rF+ Archmagi}
  8947 | D:8      | Reached XP level 10. HP: 68/80 MP: 12/16
  9187 | D:8      | Noticed Psyche
  9195 | D:8      | Killed Psyche
  9196 | D:8      | Reached skill level 5 in Armour
  9528 | D:8      | Reached skill level 5 in Fighting
  9831 | D:9      | Reached skill level 5 in Axes
 10195 | D:9      | Paralysed by a hornet for 2 turns
 10216 | D:10     | Entered Level 10 of the Dungeon
 10794 | D:10     | Noticed a two-headed ogre
 10800 | D:10     | Killed a two-headed ogre
 10801 | D:10     | Reached skill level 6 in Axes
 11091 | D:10     | Noticed a cyclops
 11102 | D:10     | Killed a cyclops
 11103 | D:10     | Reached XP level 11. HP: 20/89 MP: 13/18
 11312 | D:10     | Reached *** piety under Cheibriados
 11393 | D:10     | Found a staircase to the Lair.
 11406 | D:10     | Reached skill level 1 in Throwing
 11832 | D:10     | Reached skill level 7 in Axes
 12277 | Lair:1   | Entered Level 1 of the Lair of Beasts
 12405 | Lair:1   | Reached **** piety under Cheibriados
 12911 | Lair:1   | Reached skill level 5 in Shields
 13134 | Lair:1   | Noticed Fannar
 13149 | Lair:1   | Killed Fannar
 13718 | Lair:2   | Reached skill level 8 in Axes
 13818 | Lair:2   | Reached XP level 12. HP: 61/100 MP: 19/19
 13821 | Lair:2   | Reached ***** piety under Cheibriados
 13822 | Lair:2   | Found a frozen archway.
 13828 | IceCv    | Entered an ice cave
 13845 | IceCv    | Found a transporter.
 13853 | IceCv    | Found a transporter.
 14022 | IceCv    | Identified the ring "Soishruog" {rPois rCorr AC+4 Dex+3}
 14216 | Lair:2   | Noticed a five-headed hydra
 14221 | Lair:2   | Killed a five-headed hydra
 14248 | Lair:2   | Reached skill level 9 in Axes
 14700 | Lair:2   | Reached skill level 5 in Invocations
 14943 | Lair:3   | Noticed a catoblepas
 14955 | Lair:3   | Killed a catoblepas
 15127 | Lair:3   | Found a staircase to the Swamp.
 15291 | Lair:3   | Found a staircase to the Snake Pit.
 15448 | Lair:3   | Found a burning altar of Makhleb.
 15680 | Lair:3   | Noticed a seven-headed hydra
 15686 | Lair:3   | Killed a five-headed hydra
 15689 | Lair:3   | Reached XP level 13. HP: 83/107 MP: 21/21
 15866 | Lair:3   | Identified the +3 leather armour of Erghiad {Int+6}
 16034 | Lair:4   | Reached skill level 10 in Axes
 16294 | Lair:4   | Found a staircase to the Slime Pits.
 16626 | Lair:4   | Reached skill level 5 in Evocations
 17022 | Lair:4   | Reached skill level 5 in Translocations
 17026 | Lair:4   | Reached skill level 11 in Axes
 17284 | Lair:5   | Entered Level 5 of the Lair of Beasts
 17667 | Lair:5   | Reached ****** piety under Cheibriados
 18171 | Lair:5   | Noticed Rrauwl's ghost (journeyman TeMo)
 18172 | Lair:5   | Noticed a minotaur
 18190 | Lair:5   | Found a runed translucent gate.
 18190 | Lair:5   | Found a runed translucent gate.
 18190 | Lair:5   | Found a runed translucent gate.
 18464 | Lair:5   | Reached XP level 14. HP: 88/116 MP: 20/23
 18864 | Lair:5   | Identified the ring "Zikes" {rF+ rN++ Will-}
 19363 | D:11     | Found a staircase to the Orcish Mines.
 19369 | D:11     | Found the +5 robe of Misfortune {Harm *Corrode *Slow EV+5}
 19978 | D:12     | Identified the +5 quarterstaff of Honesty {heavy, rF+
                  | Int+3}
 20083 | D:12     | Identified the +5 ring mail of Untruth {Rampage rElec SInv}
 20257 | D:12     | Reached skill level 12 in Axes
 20697 | D:12     | Learned a level 4 spell: Olgreb's Toxic Radiance
 20704 | D:13     | Found a gate to the Vaults.
 21182 | D:13     | Reached skill level 10 in Shields
 21263 | D:13     | Reached skill level 1 in Poison Magic
 21784 | D:13     | Found the +9 staff of Olgreb {rPois∞}
 21934 | D:14     | Noticed Azrael
 22248 | D:14     | Killed Azrael
 22593 | D:14     | Found Yqily's Magic Scroll Shoppe.
 22606 | D:14     | Bought a scroll of teleportation for 48 gold pieces
 22606 | D:14     | Bought a scroll of teleportation for 48 gold pieces
 22926 | D:14     | Identified the +0 leather armour of Tigof {rPois SInv}
 23031 | D:14     | Found a portal to a secret trove of treasure.
 23078 | D:14     | Noticed Louise
 23083 | D:14     | Killed Louise
 23083 | D:14     | Noticed Frances
 23091 | D:14     | Killed Frances
 23168 | D:14     | Found Fufaxauf's Armour Boutique.
 23330 | D:14     | Found Buith's Jewellery Shop.
 23384 | D:14     | Found Zeqaquwu's Antique Weapon Boutique.
 23587 | D:15     | Entered Level 15 of the Dungeon
 23622 | D:15     | Reached XP level 15. HP: 120/125 MP: 24/24
 24013 | Abyss:2  | Cast into level 2 of the Abyss (a wizard)
 24072 | Abyss:2  | Found a corrupted altar of Lugonu.
 24105 | D:15     | Escaped the Abyss
 24160 | D:15     | Found a staircase to the Depths.
 24206 | D:15     | Reached skill level 13 in Axes
 24317 | D:15     | Found a snail-covered altar of Cheibriados.
 24646 | Orc:1    | Entered Level 1 of the Orcish Mines
 24711 | Orc:1    | Noticed Snorg
 24716 | Orc:1    | Killed Snorg
 24878 | Orc:1    | Reached skill level 10 in Fighting
 24882 | Orc:1    | Paralysed by something for 4 turns
 25449 | Orc:2    | Entered Level 2 of the Orcish Mines
 25519 | Orc:2    | Reached skill level 10 in Armour
 25519 | Orc:2    | Found Juropsash's General Store.
 25520 | Orc:2    | Paralysed by something for 4 turns
 25521 | Orc:2    | Killed from afar by an ogre mage

Illustrated notes

Levels and vault maps discovered:
D:1:      saegor_arrival_simple_a, layout_loops_corners, minmay_misc_feat_tower,
          dk_noncrumbling_4, minmay_tetromino_i2
D:2:      layout_rooms, ebering_ecumenical_altar_mist, basic_altar,
          minmay_misc_feat_room, uniq_sigmund
D:3:      minmay_general_purpose_star, layout_basic,
          lemuel_coloured_pillars_altar, serial_rivers,
          chequers_serial_rivers_micro_b, chequers_serial_rivers_micro_e,
          chequers_serial_rivers_marsh, chequers_serial_rivers_small_b,
          chequers_serial_rivers_small_b, small_statue_intersection,
          chequers_serial_rivers_micro_d
D:4:      layout_layer_cave, lemuel_tele_altar, temple_hall, enter_ossuary_3,
          dreamdust_gnoll_farm, uniq_blork_the_orc
D:5:      layout_cave_pools, nicolae_figureground_sparkle
D:6:      layout_basic, nicolae_overflow_hallway_of_the_gods, kb_rosetta
D:7:      layout_loops_corners, serial_bayou_lagoon_b
D:8:      layout_rooms, serial_shops, shop, minmay_fractal_squares_gapless_5,
          uniq_psyche
D:9:      layout_cave_pools
D:10:     layout_gridville, david_lair_generic, roderic_roman_lattice
D:11:     layout_gridville, orc_0_dummy
D:12:     layout_irregular_city
D:13:     statuecave_lemuel, layout_irregular_city, david_vaults_3,
          kennysheep_cluttered_room, minivault_24, dk_noncrumbling_2
D:14:     minmay_goldmine, layout_loops_ring, serial_shops,
          nicolae_shop_back_alley_shop, nicolae_shop_stone,
          kennysheep_mini_moat, shop, chequers_avenue,
          nicolae_trove_entry_isolated, hangedman_stone_soup, uniq_azrael,
          uniq_frances, uniq_louise
D:15:     grunt_enter_depths_magical_seal, layout_basic, serial_bayou_pond_e,
          minmay_misc_feat_five, nrook_campfire, kennysheep_slug_shrine
Temple:   minmay_freezing_vapour_temple
Lair:1:   layout_loops_ring, patterned_corridor, infiniplex_staircase_pool_2,
          uniq_fannar
Lair:2:   layout_roguey, portal_ice_cave_rime, beast_lair_carwin_1
Lair:3:   layout_gridlike, swamp_mist_pool, minmay_snake_entry_guardpost_small,
          basic_altar, infiniplex_staircase_pool
Lair:4:   cheibrodos_lair_river_kwai, layout_hall_layers,
          minmay_slime_entry_jelly_boxes, serial_bayou, serial_bayou_pond_e,
          serial_bayou_lagoon_a, serial_bayou_pond_a, serial_bayou_ford_a
Lair:5:   evilmike_catoblepas_cave, layout_regular_city,
          maelrawn_ghost_gauntlet_escape
Orc:1:    layout_diamond_mine, special_room [special_room_kobold], mines2_david,
          uniq_snorg
Orc:2:    st_orc_open, layout_diamond_mine, nicolae_orc_sculptors_studio

Skill      XL: |  1  2  3  4  5  6  7  8  9 10 11 12 13 14 15 |
---------------+----------------------------------------------+-----
Conjurations   | 3 4 5 6 7 |  7.9
Fighting       | 1 2 3 4 6 7 8 9 10 | 10.2
Armour         | 2 3 4 6 7 8 9 10 | 10.0
Unarmed Combat | 1 2 |  2.7
Dodging        | 3 4 5 6 7 8 9 |  9.2
Spellcasting   | 2 3 4 5 6 7 |  7.4
Maces & Flails | 1 2 |  2.9
Axes           | 2 4 6 8 9 11 12 13 | 13.7
Stealth        | 2 3 |  3.3
Shields        | 1 3 4 5 7 9 10 11 | 11.3
Invocations    | 1 2 3 4 5 6 7 |  7.4
Evocations     | 2 3 4 5 6 |  6.6
Translocations | 1 2 3 4 5 6 |  6.1
Throwing       | 1 |  1.0
Poison Magic   | 1 2 |  2.1

Action                     |  1- 3 |  4- 6 |  7- 9 | 10-12 | 13-15 || total
---------------------------+-------+-------+-------+-------+-------++-------
  Melee: Unarmed           |    21 |       |       |       |       ||    21
         Headbutt          |     4 |    10 |     4 |    56 |   114 ||   188
         Morningstar       |       |    45 |    10 |       |       ||    55
         War axe           |       |       |    45 |   217 |   545 ||   807
  Throw: Dart              |       |       |     4 |    28 |       ||    32
   Cast: Magic Dart        |    84 |    85 |   190 |    64 |   102 ||   525
         Searing Ray       |     1 |    16 |    68 |    50 |    17 ||   152
         Iskenderun's Myst |       |       |       |     5 |    17 ||    22
 Invoke: Slouch            |       |       |       |     1 |     7 ||     8
  Evoke: Wand              |       |       |     1 |    11 |     1 ||    13
         Box of beasts     |       |       |       |     2 |       ||     2
    Use: Scroll            |       |       |     5 |     2 |    19 ||    26
         Potion            |       |       |     3 |     1 |     5 ||     9
   Stab: Sleeping          |     2 |     1 |     1 |     1 |     4 ||     9
         Distracted        |       |       |       |       |     2 ||     2
 Armour: Robe              |     5 |    37 |    23 |       |     8 ||    73
         Leather armour    |       |       |     7 |       |       ||     7
         Steam dragon scal |       |       |    31 |    16 |       ||    47
         Acid dragon scale |       |       |       |   103 |   114 ||   217
         Chain mail        |       |       |       |       |    70 ||    70
  Dodge: Dodged            |    23 |    40 |   110 |   178 |   367 ||   718
  Block: Buckler           |       |       |    13 |    13 |       ||    26
         Kite shield       |       |       |       |   173 |       ||   173
         Reflection        |       |       |       |    12 |    42 ||    54
         Tower shield      |       |       |       |   189 |   886 ||  1075

Table legend: (Time is in decaauts)
 A = Elapsed time spent in this place.
 B = Non-inter-level travel time spent in this place.
 C = Inter-level travel time spent in this place.
 D = Time resting spent in this place.
 E = Time spent auto-exploring this place.
 F = Levels seen in this place.
 G = Mean time per level.
                   A        B        C        D        E       F      G
               +--------+--------+--------+--------+--------+-----+--------+
         Total |  34863 |  32585 |   2278 |   3185 |  23905 |  26 | 1340.9 |
       Dungeon |  21952 |  20426 |   1526 |   2174 |  15268 |  15 | 1463.5 |
        Temple |     24 |     19 |      5 |      0 |     10 |   1 |   24.0 |
          Lair |   9782 |   9111 |    671 |    668 |   6769 |   5 | 1956.4 |
  Orcish Mines |   1567 |   1491 |     76 |      0 |   1159 |   2 |  783.5 |
         Abyss |    151 |    151 |      0 |      0 |    122 |   1 |  151.0 |
       Ossuary |    971 |    971 |      0 |    232 |    449 |   1 |  971.0 |
      Ice Cave |    414 |    414 |      0 |    110 |    126 |   1 |  414.0 |
               +--------+--------+--------+--------+--------+-----+--------+

Top non-repeatable levels by time:
  Lair:5: 2562 daAuts
    D:10: 2383 daAuts
    D:13: 2370 daAuts
  Lair:1: 2179 daAuts
     D:4: 2023 daAuts
    D:14: 1895 daAuts
  Lair:4: 1764 daAuts
  Lair:3: 1755 daAuts
     D:6: 1715 daAuts
    D:15: 1645 daAuts
    D:12: 1596 daAuts
  Lair:2: 1520 daAuts
    D:11: 1461 daAuts
   Orc:1: 1460 daAuts
     D:7: 1417 daAuts
